[Event "I Copa Capivaras Do Nordeste"]
[Site "Skype"]
[Date "?"]
[Round "2.1"]
[White "Pedro Tibério"]
[Black "Cleidiane Freitas"]
[Result "1-0"]
[ECO "B20"]
[WhiteElo "2082"]
[BlackElo "1465"]
[WhiteHelo "?"]
[TimeControl "3600+30"]
[Mode "TC"]
[BlackHelo "?"]
[Termination "Checkmate"]
[UTCDate "2019.11.08"]
[Source "Analyze This Pro"]
[UTCTime "21:25:19"]
[Annotator "Ericlock1.0"]

1. e4 c5 2. Be2 Nc6 3. Nc3 Nf6 4. h3 e5 5. d3 Be7 6. Nd5 Bd6 7. Bg5 Qa5+ 8. c3 Nxd5
9. exd5 Nd4 10. b4 cxb4 11. cxd4 b3+ 12. Bd2 Qxd5 13. Qxb3 Qxd4 14. Rc1 O-O 15.
Bf3 Bc5 16. Be3 Bb4+ 17. Kf1 Qh4 18. Rc4 Qe7 19. Qxb4 Qxb4 20. Rxb4 a5 21. Rb2 d6
22. Bb6 Bf5 23. Ne2 Bxd3 24. Kg1 e4 25. Nc1 Rfe8 26. Bg4 Bc4 27. Be3 a4 28. Rxb7
Bd5 29. Rb4 a3 30. Rb6 Rab8 31. Rxd6 Rb2 32. Rxd5 Rc2 33. Kh2 Rc3 34. Bd1 Rc4 35.
Bb3 Rc3 36. Rhd1 Rcc8 37. Rd7 h6 38. Bxf7+ Kf8 39. Bxe8 Kxe8 40. Rxg7 Kf8 41. Rdd7
Ke8 42. Ra7 Kd8 43. Rg8# {jaque Mate}  1-0

[Event "I Copa Capivaras Do Nordeste"]
[Site "Skype"]
[Date "?"]
[Round "2.1"]
[White "Jeferson Teles"]
[Black "Fernando Carlos"]
[Result "0-1"]
[ECO "C42"]
[WhiteElo "2001"]
[BlackElo "1664"]
[WhiteHelo "?"]
[TimeControl "3600+30"]
[Mode "TC"]
[BlackHelo "?"]
[Termination "Checkmate"]
[UTCDate "2019.11.04"]
[Source "Analyze This Pro"]
[UTCTime "16:58:34"]
[Annotator "Ericlock1.0"]

1. e4 e5 2. Nf3 Nf6 3. Bc4 d5 4. exd5 Nxd5 5. O-O Bg4 6. h3 Bh5 7. Qe2 Nc6 8. Qe4
Nf6 9. Qe3 Bxf3 10. Qxf3 Bd6 11. c3 O-O 12. b4 e4 13. Qe2 Re8 14. d4 exd3 15. Qxd3
Ne5 16. Qd4 Nxc4 17. Qxc4 Re4 18. Qb3 Qe7 19. Be3 Qe5 20. Nd2 Qh2# {jaque Mate}
 0-1

[Event "I Copa Capivaras Do Nordeste"]
[Site "Skype"]
[Date "?"]
[Round "2.1"]
[White "Joselito Santos"]
[Black "Edson Cláudio"]
[Result "1-0"]
[ECO "D00"]
[WhiteElo "1742"]
[BlackElo "1710"]
[WhiteHelo "?"]
[TimeControl "3600+30"]
[Mode "TC"]
[BlackHelo "?"]
[Termination "Abandoned"]
[UTCDate "2019.11.05"]
[Source "Analyze This Pro"]
[UTCTime "23:06:30"]
[Annotator "Ericlock1.0"]

1. d4 d5 2. Bf4 Bf5 3. e3 e6 4. h3 Nf6 5. Nd2 Bd6 6. Bg5 Be7 7. Ngf3 Nfd7 8. Bf4
Nf6 9. Ne5 h6 10. Be2 Nbd7 11. c3 Nh7 12. g4 Bf6 13. gxf5 Bxe5 14. dxe5 Qe7 15.
fxe6 Nc5 16. exf7+ Qxf7 17. b4 Nd7 18. Bh5 g6 19. Bg4 O-O-O 20. Nf3 Kb8 21. Nd4
a6 22. Qc2 g5 23. Bg3 h5 24. Bxd7 Rxd7 25. e6 {las negras abandonan}  1-0

[Event "I Copa Capivaras Do Nordeste"]
[Site "Skype"]
[Date "?"]
[Round "2.2"]
[White "Fernando Carlos"]
[Black "Jeferson Teles"]
[Result "0-1"]
[ECO "E20"]
[WhiteElo "1664"]
[BlackElo "2001"]
[WhiteHelo "?"]
[TimeControl "3600+30"]
[Mode "TC"]
[BlackHelo "?"]
[Termination "Abandoned"]
[UTCDate "2019.11.04"]
[Source "Analyze This Pro"]
[UTCTime "23:34:38"]
[Annotator "Ericlock1.0"]

1. c4 Nf6 2. d4 e6 3. Nc3 Bb4 4. Bd2 O-O 5. Nf3 d5 6. e3 a6 7. Be2 Nc6 8. O-O Re8
9. a3 Bxc3 10. Bxc3 Ne4 11. Qc2 a5 12. Nd2 f5 13. Nxe4 fxe4 14. f3 Qg5 15. fxe4
Qxe3+ 16. Kh1 Nxd4 17. Bxd4 Qxd4 18. Rad1 Qxe4 19. Bd3 Qh4 20. Rf3 e5 21. Bf5 Bxf5
22. Rxf5 Qxc4 23. Qxc4 dxc4 24. Rd7 Rad8 25. Rff7 Rxd7 26. Rxd7 e4 27. Kg1 e3 28.
Kf1 c5 29. Ke1 b5 30. Rc7 b4 31. Rxc5 bxa3 32. bxa3 Kf7 33. Rxc4 Re5 34. Rc3 Kf6
35. Rxe3 Rxe3+ {las blancas abandonan}  0-1

[Event "I Copa Capivaras Do Nordeste"]
[Site "Skype"]
[Date "?"]
[Round "2.2"]
[White "Edson Cláudio"]
[Black "Joselito Santos"]
[Result "0-1"]
[ECO "B06"]
[WhiteElo "1710"]
[BlackElo "1742"]
[TimeControl "3600+30"]
[WhiteHelo "?"]
[Mode "TC"]
[BlackHelo "?"]
[Termination "Abandoned"]
[UTCDate "2019.11.06"]
[Source "Analyze This Pro"]
[UTCTime "00:24:12"]

1. e4 g6 2. d4 Bg7 3. e5 e6 4. Be3 a6 5. Nf3 Ne7 6. Bd3 O-O 7. c3 c6 8. O-O b5 9.
Nbd2 Bb7 10. Be4 Re8 11. Bg5 a5 12. a3 Na6 13. a4 b4 14. Nc4 bxc3 15. Nd6 Qb6 16.
Nxe8 Rxe8 17. Rb1 cxb2 18. Qc2 Nb4 19. Qxb2 Ba6 20. Rfc1 Ned5 21. Bxd5 cxd5 22.
Qc3 Bc4 23. Nd2 Rc8 24. Nxc4 Rxc4 25. Qe3 Qc6 26. Rd1 Qxa4 27. Ra1 Qc6 28. Bh6 Nc2
29. Qg5 Bxh6 30. Qd8+ Bf8 31. Rxa5 Qc7 32. Qxc7 Rxc7 33. Ra8 Nxd4 34. h3 Nc6 35.
Rc1 Kg7 36. Ra4 Rb7 37. Raa1 Nxe5 38. Rcb1 Rc7 39. Rc1 Rc6 40. Rxc6 dxc6 41. Kf1
c5 42. Ke2 c4 43. Kd2 Be7 44. Re1 Nd3 45. Rf1 Bc5 46. Kc2 Bxf2 47. Kd2 f5 48. Ke2
e5 49. Ra1 e4 50. Kd2 d4 51. g4 c3+ 52. Kc2 f4 53. g5 Ne5 54. Rf1 e3 55. Ra1 e2
{white resins}  0-1

[Event "I Copa Capivaras Do Nordeste"]
[Site "Skype"]
[Date "?"]
[Round "02.1"]
[White "Fernando Carlos"]
[Black "Jeferson Teles"]
[Result "1-0"]
[ECO "E91"]
[WhiteElo "1664"]
[BlackElo "2001"]
[WhiteHelo "?"]
[TimeControl "1500+10"]
[Mode "TC"]
[BlackHelo "?"]
[Termination "Abandoned"]
[UTCDate "2019.11.05"]
[Source "Analyze This Pro"]
[UTCTime "23:33:54"]
[Annotator "Ericlock1.0"]

1. c4 g6 2. d4 Bg7 3. Nc3 Nf6 4. Nf3 O-O 5. e4 d6 6. Be2 c5 7. d5 e6 8. Bg5 e5 9.
O-O h6 10. Be3 Nbd7 11. a3 a5 12. Qd2 Ng4 13. h3 Nxe3 14. Qxe3 Nf6 15. Nd2 Nh5 16.
Bxh5 gxh5 17. f4 Qh4 18. f5 Qg5 19. Qe2 h4 20. Nf3 Qd8 21. Nh2 Qb6 22. f6 Bh8 23.
Rf2 Kh7 24. Qh5 Qb3 25. Ng4 Bxg4 26. Qxg4 Qxc4 27. Qxh4 Qd4 28. Nb5 Qe3 29. Nxd6
Qg5 30. Qxg5 hxg5 31. Nxb7 Kg6 32. Raf1 c4 33. Nd6 Ra6 34. Nxc4 Bxf6 35. d6 a4 36.
Rxf6+ Kg7 37. Nxe5 Rc6 38. Nd7 Rd8 39. Rxf7+ Kg6 40. Ne5+ Kh6 41. Nxc6 Rxd6 42.
R7f6+ Rxf6 43. Rxf6+ Kh5 44. Kh2 g4 45. hxg4+ Kxg4 46. e5 Kg5 47. Rf1 Kg6 48. e6
Kg7 49. e7 Kh7 50. e8=Q Kh6 51. Rf3 Kg5 52. Qe5+ Kg6 53. Qf5+ Kh6 54. Qg5+ Kxg5
55. Kg3 Kh5 56. Rf5+ Kg6 57. Kg4 {las negras abandonan}  1-0

[Event "I Copa Capivaras Do Nordeste"]
[Site "Skype"]
[Date "?"]
[Round "02.1"]
[White "Diego França"]
[Black "Givson Silva"]
[Result "1/2-1/2"]
[ECO "D10"]
[WhiteElo "1697"]
[BlackElo "1790"]
[TimeControl "1500+10"]
[BlackFideId "13402129"]
[Source "Analyze This Pro"]
[FCGameId "1318789658"]
[WhiteFideId "2004887"]
[WhiteFed "USA"]
[BlackFed "AZE"]

1. d4 d5 2. c4 c6 3. cxd5 cxd5 4. Bf4 Nf6 5. e3 Nc6 6. Bd3 g6 7. Nc3 Bg7 8. h3 O-O 9. Nf3 Nd7 10. Bc2 e5 11.
Bg5 Qa5 12. O-O h6 13. Bh4 exd4 14. Nxd4 Nb6 15. Nce2 Nxd4 16. Nxd4 Nc4 17. b3 Nd2 18. Qe1 Qc3 19.
Rd1 Nf3+ 20. Nxf3 Qxc2 21. Qd2 Qxd2 22. Rxd2 Be6 23. Bg3 Rfc8 24. Be5 Bf8 25. Nd4 Bb4 26. Rc2 Rxc2 27. Nxc2 Be7 28. Nd4 Rc8 29. Rd1 a6 30.
a4 Ba3 31. g4 Rc1 32. Rxc1 Bxc1 33. Kf1 Ba3 34. Ke2 Bc5 35. Nxe6 fxe6 36. Kd3 Kf7 37. Bd4 Bd6 38. e4 h5 39. exd5 exd5 40. Be3 hxg4 41. hxg4 Ke6 42. f4 Bc7 43. Bd2 Bb6 44. Bc1 Bc7 45. Be3 Ba5 46. Bf2 Bc7 47. Be3 Ba5 1/2-1/2

[Event "I Copa Capivaras Do Nordeste"]
[Site "Skype"]
[Date "?"]
[Round "02.2"]
[White "Jeferson Teles"]
[Black "Fernando Carlos"]
[Result "1-0"]
[ECO "C60"]
[WhiteElo "2001"]
[BlackElo "1664"]
[WhiteHelo "?"]
[TimeControl "1500+10"]
[Mode "TC"]
[BlackHelo "?"]
[Termination "Abandoned"]
[UTCDate "2019.11.08"]
[Source "Analyze This Pro"]
[UTCTime "17:18:10"]
[Annotator "Ericlock1.0"]

1. e4 e5 2. Nf3 Nc6 3. Bb5 Nge7 4. Nc3 g6 5. d4 exd4 6. Nxd4 Bg7 7. Be3 O-O 8. O-O
Nxd4 9. Bxd4 c6 10. Bxg7 Kxg7 11. Be2 b5 12. a4 b4 13. Qd4+ Kg8 14. Qxb4 a5 15.
Qd6 Bb7 16. Rfd1 Nc8 17. Qxd7 Qxd7 18. Rxd7 Rb8 19. Ra3 Nb6 20. Rc7 Rfc8 21. Rxb7
Rxb7 22. Ba6 Rbc7 23. Bxc8 Rxc8 24. Rb3 Nc4 25. Rb7 Kg7 26. h4 Rd8 27. b3 Ne5 28.
f4 Ng4 29. e5 Rd2 30. e6 Ne3 31. e7 Rxg2+ 32. Kh1 Rxc2 33. e8=Q Rc1+ 34. Kh2 Rc2+
35. Kh3 Rxc3 36. Qxf7+ {las negras abandonan}  1-0

[Event "I Copa Capivaras Do Nordeste"]
[Site "Skype"]
[Date "?"]
[Round "02.2"]
[White "Givson Silva"]
[Black "Diego França"]
[Result "1/2-1/2"]
[ECO "A22"]
[WhiteElo "1790"]
[BlackElo "1697"]
[TimeControl "1500+10"]
[BlackFideId "8608288"]
[Source "Analyze This Pro"]
[FCGameId "1766521525"]
[WhiteFideId "8601445"]
[WhiteFed "CHN"]
[BlackFed "CHN"]

1. c4 e5 2. Nc3 Nf6 3. g3 Bc5 4. Bg2 O-O 5. e3 c6 6. Nge2 d5 7. cxd5 Nxd5 8. O-O Be6 9. d4 exd4 10. Ne4 Bb6 11. Nxd4 Qe7 12. Nxe6 Qxe6 13. b3 Nd7 14. Bb2 N7f6 15. Nxf6+ Nxf6 16. Qc2 Bc7 17. Qc4 Rfe8 18. Qxe6 Rxe6 19. Bh3 Ree8 20. Bxf6 gxf6 21. Rfd1 Rad8 22. Kf1 Kf8 23. Ke2 Ba5 24. Bf5 h6 25. Rxd8 Rxd8 26. Bd3 Rd5 27. Rc1 Rh5 28. h4 Bb4 29. Rc4 a5 30. Rg4 Rd5 31. a4 b5 32. Rf4 Ke7 33. Be4 Rc5 34. Bd3 Rd5 35. Re4+ Kf8 36. Rg4 Bc3 37. Be4 Rc5 38.
Bh7 Ke7 39. Rg8 bxa4 40. bxa4 f5 41. Rc8 Kf6 42. e4 fxe4 43. Bxe4 Bb4 44. g4 Kg7 45. f4 Rc4 46. Kd3 Rc3+ 47. Kd4 Rg3 48. g5 hxg5 49. hxg5 Bd2 50. Ke5 Rg4 51. Rxc6 Rxf4 52. Rc2 Rf2 53. Kd4 Be1 54. Rxf2 1/2-1/2

[Event "I Copa Capivaras Do Nordeste"]
[Site "Skype"]
[Date "?"]
[Round "02.3"]
[White "Jeferson Teles"]
[Black "Fernando Carlos"]
[Result "1-0"]
[ECO "C60"]
[WhiteElo "2001"]
[BlackElo "1664"]
[WhiteHelo "?"]
[TimeControl "900+5"]
[Mode "TC"]
[BlackHelo "?"]
[Termination "time forfeit"]
[UTCDate "2019.11.08"]
[Source "Analyze This Pro"]
[UTCTime "17:55:04"]
[Annotator "Ericlock1.0"]

1. e4 e5 2. Nf3 Nc6 3. Bb5 Nge7 4. O-O g6 5. c3 Bg7 6. d4 exd4 7. cxd4 a6 8. Ba4
O-O 9. d5 Ne5 10. Nxe5 Bxe5 11. Nc3 b5 12. Bh6 bxa4 13. Bxf8 Qxf8 14. Nxa4 Qg7 15.
Qb3 Qh6 16. g3 c6 17. Qa3 Bf6 18. d6 Qf8 19. Qf3 Be5 20. Nb6 Rb8 21. dxe7 Qxe7 22.
Nxc8 Rxc8 23. Rab1 Rb8 24. b3 Bd4 25. Rbe1 Qe5 26. Qf4 Qxf4 27. gxf4 f6 28. Kg2
Kf7 29. Rd1 c5 30. Kf3 a5 31. Rd3 Rb4 32. a3 Rb7 33. h4 h5 34. Re1 d6 35. Rg1 f5
36. exf5 gxf5 37. Rg5 Ke6 38. Rxh5 Rc7 39. Rh6+ Kd5 40. Rf6 {cayó la bandera de
las negras}  1-0

[Event "I Copa Capivaras Do Nordeste"]
[Site "Skype"]
[Date "?"]
[Round "02.3"]
[White "Givson Silva"]
[Black "Diego França"]
[Result "1/2-1/2"]
[ECO "B23"]
[WhiteElo "1790"]
[BlackElo "1697"]
[TimeControl "1500+10"]
[BlackFideId "8602883"]
[Source "Analyze This Pro"]
[FCGameId "4559077"]
[WhiteFideId "4127870"]
[WhiteFed "RUS"]
[BlackFed "CHN"]

1. e4 c5 2. Nc3 d6 3. f4 g6 4. d4 cxd4 5. Qxd4 Nf6 6.
Bd3 Nc6 7. Qf2 Bg7 8. Nf3 Ng4 9. Qe2 O-O 10. h3 Nf6 11. Qf2 Nd7 12. O-O Qb6 13. Nd5 Qxf2+ 14. Rxf2 Nc5 15. a3 Bd7 16. Rb1 Rac8 17. Be3 Nxd3 18. cxd3 b6 19. g4 f5 20. gxf5 gxf5 21. Kh2 h6 22. Rg1 Kh7 23. Rfg2 Rf7 24. Nh4 fxe4 25. dxe4 Be6 26. Rc1 Bd7 27. Rcg1 Be6 28. Rc1 Bd7 29. Rcg1 e6 30. Rxg7+ Rxg7 31. Nf6+ Kh8 32. Ng6+ Rxg6 33. Rxg6 Ne7 34. Rg2 Ba4 35. f5 Rc2 36. Rxc2 Bxc2 37. fxe6 Kg7 38. Ne8+ Kg6 39. Nxd6 h5 40. Bd4 Bb3 41. Kg3 Bxe6 42. h4 Nc8 43. Nb5 Bd7 44. Nc7 Nd6 45. Kf4 Nb5 46.
Nxb5 Bxb5 47. Ke5 Bc6 48. Bc3 Kf7 49. Bb4 a5 50. Bd6  1/2-1/2

[Event "I Copa Capivaras Do Nordeste"]
[Site "Skype"]
[Date "?"]
[Round "02.4"]
[White "Fernando Carlos"]
[Black "Jeferson Teles"]
[Result "1-0"]
[ECO "E92"]
[WhiteElo "1664"]
[BlackElo "2001"]
[WhiteHelo "?"]
[TimeControl "900+5"]
[Mode "TC"]
[BlackHelo "?"]
[Termination "time forfeit"]
[UTCDate "2019.11.08"]
[Source "Analyze This Pro"]
[UTCTime "18:36:32"]
[Annotator "Ericlock1.0"]

1. c4 Nf6 2. d4 g6 3. Nf3 Bg7 4. Nc3 O-O 5. e4 d6 6. Be2 e5 7. dxe5 dxe5 8. O-O c6
9. Bg5 Nbd7 10. Qc2 b6 11. Bh4 Bb7 12. Rfd1 Re8 13. Rd2 Qc7 14. Rad1 Re6 15. Bg3
Rc8 16. b3 Re7 17. h3 Ree8 18. Nh2 Nf8 19. Ng4 Nxg4 20. Bxg4 Ne6 21. Bxe6 Rxe6 22.
Rd7 Qb8 23. Qd3 Ree8 24. Qd6 Qxd6 25. R1xd6 Rb8 26. Rc7 Rec8 27. Rdd7 Rxc7 28. Rxc7
a5 29. Na4 Bf6 30. f4 b5 31. fxe5 Bd8 32. Rd7 bxa4 33. e6 axb3 34. axb3 Bb6+ 35.
Kh2 Bc8 36. exf7+ Kg7 37. Be5+ Kh6 38. f8=Q+ Kh5 39. Qf3+ Kg5 40. Qf4+ Kh5 41. g4+
{cayó la bandera de las negras}  1-0

[Event "I Copa Capivaras Do Nordeste"]
[Site "Skype"]
[Date "?"]
[Round "02.4"]
[White "Diego França"]
[Black "Givson Silva"]
[Result "1/2-1/2"]
[ECO "D82"]
[WhiteElo "1697"]
[BlackElo "1790"]
[TimeControl "1500+10"]
[BlackFideId "8603820"]
[Source "Analyze This Pro"]
[FCGameId "1675206091"]
[WhiteFideId "12500739"]
[WhiteFed "IRI"]
[BlackFed "CHN"]

1. d4 Nf6 2. c4 g6 3. Nc3 d5 4. Bf4 Bg7 5. e3 dxc4 6. Bxc4 O-O 7. Nf3 Nbd7 8. O-O Nh5 9. Bg5 h6 10. Bh4 g5 11.
Nd2 Ndf6 12. Bg3 Nxg3 13. hxg3 c6 14. Nf3 Bf5 15. Rc1 e6 16. Re1 Qb6 17. Bb3 Rad8 18. Qe2 Bg4 19. Na4 Qc7 20. Nc5 Qe7 21. Nd3 Nd7 22. Qc2 Bf5 23. Qe2 Bg4 24. Qc2 a5 25. a3 Bh5 26. Qc3 Bg6 27.
Bc2 Ra8 28. Nc5 Qxc5 29. Qxc5 Nxc5 30. Bxg6 Nd7 31. Bd3 Rfd8 32. Rc2 Kf8 33. Be2 a4 34. Rec1 Ke7 35. Kf1 f5 36. Bd3 g4 37. Nd2 Ne5 38. Be2 Nf7 39. Nc4 Nd6 40. Nxd6 Rxd6 41. Rc5 Kd7 42. f4 Rd5 43.
Rxd5+ exd5 44. Bd3 Ke6 45. Ke2 Kf6 1/2-1/2

[Event "I Copa Capivaras Do Nordeste"]
[Site "Skype"]
[Date "?"]
[Round "02.5"]
[White "Fernando Carlos"]
[Black "Jeferson Teles"]
[Result "1-0"]
[ECO "A30"]
[WhiteElo "1664"]
[BlackElo "2001"]
[WhiteHelo "?"]
[TimeControl "600+5"]
[Mode "TC"]
[BlackHelo "?"]
[Termination "time forfeit"]
[UTCDate "2019.11.09"]
[Source "Analyze This Pro"]
[UTCTime "23:52:24"]
[Annotator "Ericlock1.0"]

1. c4 c5 2. Nf3 Nc6 3. e3 e5 4. Be2 e4 5. Ng1 Qg5 6. g3 Nf6 7. Nh3 Qh6 8. Nf4 Bd6
9. Nd5 Nxd5 10. cxd5 Nb4 11. Nc3 O-O 12. Nxe4 Qg6 13. Nxd6 Nc2+ 14. Kf1 Nxa1 15.
Nc4 Qe4 16. f3 Qxd5 17. b3 b5 18. e4 Qb7 19. Nd6 Qa6 20. Nxb5 Qxa2 21. Nc3 Qxb3
22. Qxb3 Nxb3 23. Na2 Rb8 24. Bc4 Nxc1 25. Nxc1 a5 26. Ke2 a4 27. Na2 a3 28. Rc1
d6 29. f4 Be6 30. Bxe6 fxe6 31. e5 {cayó la bandera de las negras}  1-0

[Event "I Copa Capivaras Do Nordeste"]
[Site "Skype"]
[Date "?"]
[Round "02.5"]
[White "Diego França"]
[Black "Givson Silva"]
[Result "1/2-1/2"]
[ECO "A81"]
[WhiteElo "1697"]
[BlackElo "1790"]
[TimeControl "1500+10"]
[BlackFideId "1130420"]
[Source "Analyze This Pro"]
[FCGameId "-940827117"]
[WhiteFideId "13402960"]
[WhiteFed "AZE"]
[BlackFed "POL"]

1. d4 f5 2. g3 Nf6 3. Bg2 d6 4. Nc3 g6 5. e4 fxe4 6. Nxe4 Bg7 7. Nxf6+ exf6 8. Ne2 d5 9. O-O O-O 10. Nf4 c6 11.
Re1 Na6 12. c4 g5 13. Nh5 Nc7 14. Nxg7 Kxg7 15. cxd5 Nxd5 16. Qb3 Rf7 17. Bd2 Bf5 18. Re2 Qd7 19.
Rae1 Bg4 20. Re4 Bf5 21. R4e2 Bh3 22. Bxd5 cxd5 23. Bb4 Rc8 24. f3 h5 25. Qe3 Qf5 26. Bc3 Rcc7 27. Kf2 Rc8 28. Qd2 Bg4 29. Re3 b6 30.
Qd3 Qxd3 31. Rxd3 Bf5 32. Rde3 g4 33. Re7 gxf3 34. Rxf7+ Kxf7 35. Kxf3 Be4+ 36. Ke3 Rg8 37. Re2 h4 38. gxh4 Rg4 39. Be1 f5 40. Bg3 Rg8 41. Rf2 Rc8 42. Kf4 Kg6 43. Ke5 a5 44. Kd6 a4 45. a3 Kh5 46.
Ke5 Rc1 47. Bf4 Rg1 48. Bg5 b5 49. Kf4 Rg4+ 50. Ke5 Rg1 51. Kf6 Rd1 52. Ke5 Rg1 53. Kd6 Rg2 54.
Rxg2 Bxg2 55. Ke5 Kg6 56. Bd8 Be4 57. Kf4 Bc2 58. Be7 Bb3 59. h5+ Kxh5 60. Kxf5 Bc4 61. Ke5 Bb3 62.
Kd6 Bc4 63. Kc5 Kg4 64. h4 Kh5 65. Kd6 Kg4 66. Ke5 Kh5 67. Kf4 Bb3 {[%clk 0:00:28] -error}  1/2-1/2

[Event "I Copa Capivaras Do Nordeste"]
[Site "Skype"]
[Date "?"]
[Round "02.6"]
[White "Jeferson Teles"]
[Black "Fernando Carlos"]
[Result "1-0"]
[ECO "D06"]
[WhiteElo "2001"]
[BlackElo "1664"]
[WhiteHelo "?"]
[TimeControl "600+5"]
[Mode "TC"]
[BlackHelo "?"]
[Termination "time forfeit"]
[UTCDate "2019.11.10"]
[Source "Analyze This Pro"]
[UTCTime "00:24:08"]
[Annotator "Ericlock1.0"]

1. d4 Nf6 2. c4 d5 3. cxd5 Nxd5 4. e4 Nf6 5. Nc3 e6 6. Bc4 Bb4 7. Nf3 Bxc3+ 8. bxc3
Nxe4 9. Qc2 Nf6 10. Ba3 Nc6 11. Kf1 Bd7 12. d5 Ne7 13. dxe6 fxe6 14. Ng5 Nfd5 15.
Re1 Qc8 16. Bxd5 Nxd5 17. h4 h6 18. Qg6+ Kd8 19. Nf7+ {cayó la bandera de las negras}
 1-0

[Event "I Copa Capivaras Do Nordeste"]
[Site "Skype"]
[Date "?"]
[Round "02.6"]
[White "Givson Silva"]
[Black "Diego França"]
[Result "1/2-1/2"]
[ECO "A20"]
[WhiteElo "1790"]
[BlackElo "1697"]
[TimeControl "1500+10"]
[BlackFideId "4118987"]
[Source "Analyze This Pro"]
[FCGameId "359349504"]
[WhiteFideId "24116068"]
[WhiteFed "NED"]
[BlackFed "RUS"]

1. c4 e5 2. g3 Nf6 3. Bg2 c6 4. Nf3 e4 5. Nd4 d5 6. d3 Bc5 7. Nb3 Bb4+ 8. Bd2 Bxd2+ 9. Qxd2 dxc4 10. dxc4 Qe7 11. Nc3 O-O 12. Rd1 e3 13. Qxe3 Qxe3 14. fxe3 Ng4 15. Rd3 Na6 16. a3 Be6 17. Na5 Nc5 18. Rd4 Nxe3 19. Kf2 Ng4+ 20. Kf3 Nd7 21. h3 Nde5+ 22. Ke4 f5+ 23. Kf4 c5 24. Rd2 Ng6+ 25. Kf3 N6e5+ 26. Kf4 Ng6+ 27. Kf3 N6e5+  1/2-1/2

[Event "I Copa Capivaras Do Nordeste"]
[Site "Skype"]
[Date "?"]
[Round "02.7"]
[White "Jeferson Teles"]
[Black "Fernando Carlos"]
[Result "1-0"]
[ECO "C00"]
[WhiteElo "2001"]
[BlackElo "1664"]
[WhiteHelo "?"]
[TimeControl "300+5"]
[Mode "TC"]
[BlackHelo "?"]
[Termination "time forfeit"]
[UTCDate "2019.11.10"]
[Source "Analyze This Pro"]
[UTCTime "00:52:52"]
[Annotator "Ericlock1.0"]

1. e4 e6 2. c4 d6 3. Nf3 g6 4. d4 Bg7 5. Bd3 Ne7 6. O-O O-O 7. Nc3 Nd7 8. d5 Ne5
9. Nxe5 Bxe5 10. dxe6 Bxe6 11. Nd5 c6 12. Nf6+ Bxf6 13. e5 Bxe5 14. Bh6 Bg7 15.
Bxg7 Kxg7 16. Bc2 Bf5 17. Bxf5 Nxf5 18. g4 Qf6 19. gxf5 Qxf5 20. Qxd6 Rad8 21. Qb4
Rd4 22. f3 Qg5+ 23. Kf2 {cayó la bandera de las negras}  1-0

[Event "I Copa Capivaras Do Nordeste"]
[Site "Skype"]
[Date "?"]
[Round "02.7"]
[White "Givson Silva"]
[Black "Diego França"]
[Result "1-0"]
[ECO "D06"]
[WhiteElo "1790"]
[BlackElo "1697"]
[WhiteHelo "?"]
[TimeControl "300"]
[Mode "TC"]
[BlackHelo "?"]
[Termination "time forfeit"]
[UTCDate "2019.11.08"]
[Source "Analyze This Pro"]
[UTCTime "20:39:12"]
[Annotator "Ericlock1.0"]

1. d4 Nf6 2. c4 d5 3. cxd5 Nxd5 4. e4 Nf6 5. Nc3 e6 6. e5 Nd5 7. Bc4 Bb4 8. Bxd5
Bxc3+ 9. bxc3 Qxd5 10. Qg4 O-O 11. Bh6 g6 12. Bxf8 Kxf8 13. Qf3 Kg8 14. Qxd5 exd5
15. Nf3 Nc6 16. O-O b5 17. Rab1 a6 18. Rfe1 Bf5 19. Rb2 Na5 20. Rbe2 Nc4 21. Rd1
{cayó la bandera de las negras}  1-0

[Event "I Copa Capivaras Do Nordeste"]
[Site "Skype"]
[Date "?"]
[Round "3.1"]
[White "Joselito Santos"]
[Black "Pedro Tibério"]
[Result "0-1"]
[ECO "D00"]
[WhiteElo "1742"]
[BlackElo "2082"]
[WhiteHelo "?"]
[TimeControl "3600+30"]
[Mode "TC"]
[BlackHelo "?"]
[Termination "Checkmate"]
[UTCDate "2019.11.14"]
[Source "Analyze This Pro"]
[UTCTime "22:55:24"]
[Annotator "Ericlock1.0"]

1. d4 d5 2. Bf4 Nf6 3. e3 e6 4. Nf3 Bd6 5. Bg3 O-O 6. Nbd2 c5 7. c3 Qc7 8. Bd3 Nbd7
9. O-O Bxg3 10. hxg3 e5 11. dxe5 Nxe5 12. Nxe5 Qxe5 13. Nf3 Qh5 14. Nh2 Bg4 15.
f3 Bd7 16. Re1 Qe5 17. f4 Qe6 18. Qc2 c4 19. Bf1 Rfe8 20. b3 b5 21. b4 a5 22. a3
axb4 23. cxb4 Qe7 24. f5 Ne4 25. g4 Qg5 26. Qd1 Ra6 27. Qxd5 Qh4 28. Re2 Rh6 29.
g3 Qxg3+ 30. Rg2 Qxe3+ 31. Kh1 Ng3+ 32. Rxg3 Qxg3 33. Qg2 Bc6 34. Ra2 Qxh2# {jaque
Mate}  0-1

[Event "I Copa Capivaras Do Nordeste"]
[Site "Skype"]
[Date "?"]
[Round "4.1"]
[White "Pedro Tibério"]
[Black "Jeferson Teles"]
[Result "1-0"]
[ECO "C56"]
[WhiteElo "2082"]
[BlackElo "2005"]
[WhiteHelo "?"]
[TimeControl "3600+30"]
[Mode "TC"]
[BlackHelo "?"]
[Termination "Abandoned"]
[UTCDate "2019.11.23"]
[Source "Analyze This Pro"]
[UTCTime "12:59:57"]
[Annotator "Ericlock1.0"]

1. e4 e5 2. Nf3 Nc6 3. d4 exd4 4. Bc4 Nf6 5. O-O Nxe4 6. Bd5 Nc5 7. c3 dxc3 8. Nxc3
Be7 9. Be3 O-O 10. Re1 b6 11. b4 Nb7 12. a3 a5 13. b5 Bf6 14. Rc1 Ne7 15. Bd4 Bxd4
16. Nxd4 Rb8 17. Bf3 d6 18. Rxe7 Qxe7 19. Nc6 Qg5 20. Nxb8 Nc5 21. Nc6 Re8 22. Nd5
Bb7 23. Nxc7 Rc8 24. Nd5 Re8 25. Rb1 a4 26. g3 Nb3 27. h4 Qd2 28. Nxb6 Qh6 29. Bd5
Nd2 30. Rb2 Bxc6 31. Bxc6 d5 32. Bxe8 Nf3+ 33. Qxf3 Qc1+ 34. Kg2 {las negras abandonan}
 1-0

[Event "I Copa Capivaras Do Nordeste"]
[Site "Skype"]
[Date "?"]
[Round "4.2"]
[White "Jeferson Teles"]
[Black "Pedro Tibério"]
[Result "0-1"]
[ECO "A41"]
[WhiteElo "2005"]
[BlackElo "2082"]
[WhiteHelo "?"]
[TimeControl "3600+30"]
[Mode "TC"]
[BlackHelo "?"]
[Termination "Abandoned"]
[UTCDate "2019.11.23"]
[Source "Analyze This Pro"]
[UTCTime "18:12:47"]
[Annotator "Ericlock1.0"]

1. d4 d6 2. e4 c6 3. c4 Nf6 4. Nc3 Nbd7 5. f4 e5 6. Nf3 Qa5 7. Bd3 exd4 8. Nxd4 Nc5
9. O-O Qb6 10. Kh1 Be7 11. e5 dxe5 12. fxe5 Nxd3 13. Qxd3 Ng4 14. Qe4 O-O 15. h3
f5 16. exf6 Bxf6 17. Ne6 Re8 18. Qxg4 Bxe6 19. Qg3 Qd4 20. Be3 Qh4 21. Qc7 Qxc4
22. Rxf6 gxf6 23. Bh6 Bf7 24. Qxb7 Qh4 25. Bc1 Re1+ 26. Kh2 Rae8 27. a4 Rxc1 28.
Nd5 Bxd5 29. Ra3 Rc2 30. Rg3+ Qxg3+ 31. Kxg3 Rxg2+ 32. Kf4 Re4+ 33. Kf3 Re7+ 34.
Kf4 Rxb7 {las negras abandonan}  0-1